 Dungeon Crawl Stone Soup version 0.18.1-48-g4cf74bf (webtiles) character file.

9711 dvd the Geomancer (level 11, -7/81 HPs)
             Began as a Deep Dwarf Earth Elementalist on Sept 1, 2016.
             Was a Follower of Elyvilon.
             Mangled by a komodo dragon (24 damage)
             ... on level 1 of the Lair of Beasts on Sept 2, 2016.
             The game lasted 01:03:24 (12092 turns).

dvd the Geomancer (Deep Dwarf Earth Elementalist)  Turns: 12092, Time: 01:03:24

Health: -7/81      AC:  5    Str:  9 (10) XL:     11   Next: 26%
Magic:  7/20       EV: 17    Int: 21      God:    Elyvilon [*.....]
Gold:   453        SH:  0    Dex: 14      Spells: 2 memorised, 14 levels left

rFire  . . .     SeeInvis .     b - +6 shortbow "Uguteoxty" {venom, Int+5}
rCold  . . .     Gourm    .     G - +2 robe {MR+}
rNeg   + . .     Faith    .     (shield currently unavailable)
rPois  .         Spirit   .     (helmet restricted)
rElec  .         Dismiss  .     i - +0 cloak
rCorr  .         Reflect  .     (no gloves)
SustAt .         Harm     .     (no boots)
MR     ++++.                    (no amulet)
Stlth  +++.......               R - +1 ring of protection
                                I - ring of positive energy

@: non-regenerating, incredibly resistant to hostile enchantments, fairly
stealthy
A: damage resistance, recharge devices, antennae 1, deformed body, deterioration
1, dopey 1, frail 1, magic resistance 2, sense surroundings 2, slow regeneration
3, weak 1, MP-powered wands
a: Device Recharging, Lesser Healing, Divine Protection, Renounce Religion


You were on level 1 of the Lair of Beasts.
You worshipped Elyvilon.
Elyvilon was aware of your devotion.
You were not hungry.

You visited 3 branches of the dungeon, and saw 12 of its levels.
You also visited: Sewer.

You collected 453 gold pieces.

Inventory:

Hand Weapons
 a - a +2 flail of protection
 b - the +6 shortbow "Uguteoxty" (weapon) {venom, Int+5}
   (You found it on level 5 of the Dungeon)

   It poisons the ammo it fires.
   It affects your intelligence (+5).
 p - a +1 mace of protection
 A - a +0 war axe
 B - a +0 long sword
Missiles
 k - 14 stones
 q - 70 arrows (quivered)
 s - 5 tomahawks
 N - 6 javelins
 S - 6 steel tomahawks
Armour
 g - a +0 ring mail
 i - a +0 cloak (worn)
 n - the +2 helmet "Hiss" {+Inv rN+ MR+ Str+4, unknown}
   (You found it on level 1 of the Lair of Beasts)

   It affects your strength (+4).
   It protects you from negative energy.
   It affects your resistance to hostile enchantments.
   It lets you turn invisible.
 u - the +0 ring mail of Lies {-Cast rPois rC++ Dex+3}
   (You found it on level 7 of the Dungeon)

   It affects your dexterity (+3).
   It greatly protects you from cold.
   It protects you from poison.
   It prevents spellcasting.
 G - a +2 robe of magic resistance (worn)
 K - a +1 chain mail of fire resistance
 U - a +1 ring mail of positive energy
Magical Staves
 e - an uncursed staff of poison
Jewellery
 D - an uncursed ring of flight
 I - a ring of positive energy (left hand)
 Q - an uncursed ring of fire
 R - a +1 ring of protection (right hand)
Wands
 d - a wand of heal wounds (0/9)
 l - a wand of confusion (12/48)
 v - a wand of enslavement (11/24)
 F - a wand of flame (32/48)
 P - a wand of iceblast (9/15)
Scrolls
 x - 3 scrolls of teleportation
 C - 3 scrolls of identify
 H - 2 scrolls of magic mapping
 M - a scroll of enchant weapon
 O - a scroll of amnesia
 V - a scroll of remove curse
Potions
 c - a potion of magic
 m - a potion of cancellation {unknown}
 r - 2 potions of curing
 w - 3 potions of agility
 E - 5 potions of brilliance
 J - 2 potions of flight
 L - 2 potions of might
Books
 o - a book of Geomancy

   Spells                             Type                      Level
   a - Sandblast                      Earth                        1
   b - Passwall                       Transmutation/Earth          2
   c - Stone Arrow                    Conjuration/Earth            3
   d - Petrify                        Transmutation/Earth          4
   e - Lee's Rapid Deconstruction     Earth                        5
Comestibles
 f - 10 bread rations
 h - 5 meat rations
 j - 3 fruits
 z - a royal jelly


   Skills:
 + Level 3.1 Fighting
 + Level 1.9 Maces & Flails
 + Level 7.8 Bows
 + Level 2.0 Armour
 + Level 8.1 Dodging
 + Level 4.4 Stealth
 + Level 6.4 Spellcasting
 + Level 2.6 Conjurations
   Level 0.8 Transmutations
 + Level 9.2 Earth Magic
 * Level 6.0 Invocations
 + Level 1.0 Evocations


You had 14 spell levels left.
You knew the following spells:

 Your Spells              Type           Power        Failure   Level  Hunger
b - Stone Arrow           Conj/Erth      ####..       2%          3    #......
c - Lee's Rapid Deconstr  Erth           #####.....   8%          5    #####..


Dungeon Overview and Level Annotations

Branches:
Dungeon (10/15)            Temple (1/1) D:7            Lair (1/8) D:9
    Orc (0/2) D:9

Altars:
Ashenzari
Cheibriados
Dithmenos
Elyvilon
Fedhas
Gozag
Kikubaaqudgha
Makhleb
Nemelex Xobeh
Okawaru
Pakellas
Qazlal
Ru
Sif Muna
Trog
Vehumet
Xom
Yredelemnul
Zin
The Shining One
Beogh

Shops:
D:5 }   D:6 ?


Innate Abilities, Weirdness & Mutations

You are resistant to damage.
You can recharge devices by infusing magical energy.
You passively map the area around you.
You do not regenerate naturally.
You have a pair of small antennae on your head.
Armour fits poorly on your strangely shaped body.
Your body sometimes deteriorates upon taking damage.
You are dopey. (Int -2)
You are frail (-10% HP).
You are highly resistant to hostile enchantments.
You are weak. (Str -2)
You expend magic power (3 MP) to strengthen your wands.


Message History

You feel much better.
This wand has 0 charges left.
The komodo dragon closely misses you.
Unknown command.
Firing (i - inventory. (,) - cycle):
q - 72 arrows (quivered)
Press: ? - help, Shift-Dir - straight line, f - komodo dragon
Aim: a komodo dragon You shoot an arrow.
The arrow hits the komodo dragon!
The komodo dragon is poisoned.
The komodo dragon is moderately wounded.
The komodo dragon bites you!!
* * * LOW HITPOINT WARNING * * *
Your body deteriorates!
You feel weakened.
Firing (i - inventory. (,) - cycle):
q - 71 arrows (quivered)
Press: ? - help, Shift-Dir - straight line, f/p - komodo dragon
Aim: a komodo dragon (heavily wounded, poisoned)
You shoot an arrow. The arrow hits the komodo dragon!
The komodo dragon looks even sicker.
The komodo dragon is severely wounded.
The komodo dragon bites you!!
You die...

## ##* ##########
###P##.#######.##)#P#.########
..............................
..............................
..............................
......................<.......
,..............................
*
...(....(....l@...............
......./..^...................
.......##############.###.####
......( ### ## .....(# * ......
...... ,....l ...(.


You could see a komodo dragon.

Vanquished Creatures
  Josephine (D:10)
  A hill giant (D:10)
  The ghost of ThereIsNoGod the Cleaver, a novice GrGl of Makhleb (D:7)
  A centaur zombie (D:9)
  A spiny frog (Lair:1)
  Prince Ribbit (D:8)
  Grinder (D:5)
  A spriggan (D:7)
  4 wraiths (D:10)
  3 hippogriffs
  A hungry ghost (D:6)
  2 water moccasins
  3 sky beasts
  A black bear (D:6)
  8 orc warriors
  2 eyes of draining
  2 ice beasts (D:7)
  2 phantoms (D:8)
  5 ogres
  5 centaurs
  Blork the orc (D:6)
  3 giant frogs
  2 big kobolds
  2 gnoll sergeants (D:9)
  A scorpion (D:5)
  A wyvern skeleton (D:7)
  A howler monkey (D:4)
  8 electric eels (D:10)
  9 crimson imps
  2 giant frog zombies
  7 hounds
  3 giant frog skeletons
  10 orc priests
  5 jellies
  3 iguanas
  10 worker ants
  4 orc wizards
  2 hound skeletons (D:7)
  A hound zombie (D:9)
  A howler monkey skeleton (D:4)
  A howler monkey zombie (D:9)
  2 worker ant zombies
  9 gnolls
  19 adders
  8 river rats
  3 shadow imps
  An ooze (D:4)
  2 adder zombies (D:8)
  An adder skeleton (D:4)
  3 worms
  2 dart slugs
  2 giant geckos
  50 orcs
  13 bats
  2 bat zombies (D:1)
  6 giant cockroaches
  7 goblins
  10 hobgoblins
  14 jackals
  39 kobolds
  2 quokkas (D:7)
  7 ball pythons
  4 giant newts
  A quokka skeleton (D:5)
  31 rats
  A plant (D:9)
362 creatures vanquished.

Vanquished Creatures (others)
  2 fungi (D:9)
  A plant (D:9)
3 creatures vanquished.

Grand Total: 365 creatures vanquished

Notes
Turn   | Place    | Note
--------------------------------------------------------------
     0 | D:1      | dvd the Deep Dwarf Earth Elementalist began the quest for the Orb.
     0 | D:1      | Reached XP level 1. HP: 15/15 MP: 3/3
   179 | D:1      | Reached XP level 2. HP: 22/22 MP: 0/4
   755 | D:2      | Reached XP level 3. HP: 28/28 MP: 0/6
   832 | D:2      | Found a burning altar of Makhleb.
  1076 | D:2      | Reached skill level 5 in Earth Magic
  1202 | D:2      | Found a deep blue altar of Sif Muna.
  1202 | D:2      | Found a shattered altar of Ashenzari.
  1203 | D:2      | Found a glowing silver altar of Zin.
  1217 | D:2      | Found an iron altar of Okawaru.
  1609 | D:3      | Reached skill level 1 in Armour
  1609 | D:3      | Reached XP level 4. HP: 29/36 MP: 1/7
  2068 | D:3      | Found a shimmering altar of Xom.
  2088 | D:3      | Reached XP level 5. HP: 26/42 MP: 2/9
  2110 | D:3      | Learned a level 3 spell: Stone Arrow
  2398 | D:3      | Reached skill level 6 in Earth Magic
  2398 | D:3      | Reached XP level 6. HP: 22/49 MP: 5/11
  3070 | D:4      | Reached skill level 1 in Fighting
  3427 | D:4      | Reached XP level 7. HP: 37/57 MP: 8/12
  4024 | D:5      | Entered Level 5 of the Dungeon
  4040 | D:5      | Got a bloodstained shortbow
  4041 | D:5      | Identified the +6 shortbow "Uguteoxty" {venom, Int+5} (You found it on level 5 of the Dungeon)
  4070 | D:5      | Found Visalosm's Gadget Boutique.
  4084 | D:5      | Gained mutation: Armour fits poorly on your strangely shaped body. [potion of mutation]
  4084 | D:5      | Gained mutation: You are weak. (Str -2) [potion of mutation]
  4164 | D:5      | Reached skill level 1 in Maces & Flails
  4193 | D:5      | Noticed Grinder
  4405 | D:5      | Gained mutation: You are dopey. (Int -2) [potion of mutation]
  4405 | D:5      | Gained mutation: You are resistant to hostile enchantments. [potion of mutation]
  4405 | D:5      | Lost mutation: You are dopey. (Int -2) [potion of mutation]
  4506 | D:5      | Reached skill level 7 in Earth Magic
  4522 | D:5      | Reached skill level 5 in Dodging
  4619 | D:5      | Reached skill level 1 in Conjurations
  4619 | D:5      | Reached XP level 8. HP: 37/64 MP: 13/15
  4626 | D:5      | Learned a level 5 spell: Lee's Rapid Deconstruction
  4704 | D:5      | Killed Grinder
  4704 | D:5      | Reached skill level 1 in Bows
  4704 | D:5      | Reached skill level 5 in Spellcasting
  4785 | D:5      | Found a snail-covered altar of Cheibriados.
  4790 | D:5      | Found a basalt altar of Yredelemnul.
  4791 | D:5      | Found a sparkling altar of Nemelex Xobeh.
  4792 | D:5      | Found an ancient bone altar of Kikubaaqudgha.
  4792 | D:5      | Found a shimmering altar of Xom.
  4795 | D:5      | Found a shadowy altar of Dithmenos.
  5409 | D:6      | Found a stormy altar of Qazlal.
  5423 | D:6      | Noticed Blork the orc
  5431 | D:6      | Killed Blork the orc
  5715 | D:6      | Found a glowing drain.
  5719 | Sewer    | Entered a sewer
  6606 | D:6      | Gained mutation: You passively map the area around you. [Deep Dwarf growth]
  6606 | D:6      | Reached XP level 9. HP: 64/73 MP: 17/17
  6778 | D:6      | Found Ucuhywe's Magic Scroll Emporium.
  6962 | D:7      | Found a staircase to the Ecumenical Temple.
  6971 | Temple   | Entered the Ecumenical Temple
  7089 | Temple   | Became a worshipper of Elyvilon the Healer
  7162 | D:7      | Noticed ThereIsNoGod's ghost (novice GrGl)
  7170 | Temple   | Gained mutation: You expend magic power (3 MP) to strengthen your wands. [mutagenic meat]
  7171 | Temple   | Gained mutation: Your body sometimes deteriorates upon taking damage. [mutagenic meat]
  7172 | Temple   | Gained mutation: You are dopey. (Int -2) [mutagenic meat]
  7173 | Temple   | Gained mutation: You are highly resistant to hostile enchantments. [mutagenic meat]
  7174 | Temple   | Gained mutation: You have a pair of small antennae on your head. [mutagenic meat]
  7175 | Temple   | Gained mutation: You are frail (-10% HP). [mutagenic meat]
  7316 | D:7      | Killed ThereIsNoGod's ghost
  7316 | D:7      | Reached skill level 8 in Earth Magic
  7433 | D:7      | Got a citrine-encrusted ring mail
  7444 | D:7      | Identified the +0 ring mail of Lies {-Cast rPois rC++ Dex+3} (You found it on level 7 of the Dungeon)
  7722 | D:7      | Reached skill level 1 in Evocations
  7909 | D:7      | Reached skill level 5 in Bows
  8157 | D:8      | Reached * piety under Elyvilon
  8309 | D:8      | Reached XP level 10. HP: 47/72 MP: 11/18
  8342 | D:8      | Noticed Prince Ribbit
  8344 | D:8      | Killed Prince Ribbit
  8344 | D:8      | Reached skill level 1 in Invocations
  8566 | D:8      | Found a bloodstained altar of Trog.
 10317 | D:9      | Found a roughly hewn altar of Beogh.
 10317 | D:9      | Found a staircase to the Orcish Mines.
 10546 | D:9      | Found a staircase to the Lair.
 10689 | D:10     | Entered Level 10 of the Dungeon
 11001 | D:10     | Noticed a hill giant
 11029 | D:10     | Killed a hill giant
 11183 | D:10     | Reached skill level 5 in Invocations
 11183 | D:10     | Reached XP level 11. HP: 79/81 MP: 10/20
 11404 | D:10     | Noticed Josephine
 11412 | D:10     | Killed Josephine
 11412 | D:10     | Reached skill level 9 in Earth Magic
 12049 | Lair:1   | Entered Level 1 of the Lair of Beasts
 12054 | Lair:1   | Got a pitted helmet
 12092 | Lair:1   | Mangled by a komodo dragon

Skill      XL: |  1  2  3  4  5  6  7  8  9 10 11 |
---------------+----------------------------------+-----
Spellcasting   | 2 3 4 5 6 |  6.4
Earth Magic    | 5 6 7 8 9 |  9.2
Armour         | 1 2 |  2.0
Dodging        | 3 4 5 6 7 8 |  8.1
Fighting       | 1 2 3 |  3.1
Stealth        | 3 4 |  4.4
Maces & Flails | 1 |  1.9
Conjurations   | 1 2 |  2.6
Bows           | 3 5 7 |  7.8
Evocations     | 1 |  1.0
Invocations    | 5 6 |  6.0
Transmutations | |  0.8

Action                   |  1- 3 |  4- 6 |  7- 9 | 10-12 || total
-------------------------+-------+-------+-------+-------++-------
Melee: Dagger            |     5 |       |       |       ||     5
       Club              |     7 |    28 |       |       ||    35
       Mace              |       |    72 |    84 |    20 ||   176
       Flail             |       |     8 |       |    38 ||    46
 Fire: Shortbow          |       |       |   280 |   336 ||   616
 Cast: Sandblast         |    45 |    41 |    30 |       ||   116
       Stone Arrow       |       |     7 |    37 |    65 ||   109
       Lee's Rapid Decon |       |       |     2 |    13 ||    15
Invok: Lesser Healing    |       |       |       |    48 ||    48
Evoke: Wand              |       |     2 |     5 |     2 ||     9
  Use: Scroll            |     3 |       |    12 |     3 ||    18
       Potion            |       |     2 |    13 |     3 ||    18
 Stab: Sleeping          |       |     1 |     1 |       ||     2
  Eat: Chunk             |     3 |     6 |    23 |    20 ||    52
       Beef jerky        |       |       |     1 |     1 ||     2
       Pizza             |       |       |       |     1 ||     1
       Royal jelly       |       |       |       |     1 ||     1
Armor: Robe              |     1 |    12 |    37 |    40 ||    90
       Ring mail         |    13 |    49 |       |       ||    62
Dodge: Dodged            |    24 |   124 |   155 |   196 ||   499
